AoeStats
← bumbsbomba74

Arabia

503281930Analyzed
1v1 RM · 1mo ago on Aug 31, 2026· 38m 32s· 2 players
Game mode
Random Map
Map size
Tiny (2 player)
Population
200
Speed
Normal
Resources
Standard
Victory
Conquest
Starting age
Dark Age
Ending age
Imperial Age
RankedLock teamsTeams togetherTeam positionsShared explorationLock speedFull tech treeHidden civsTurbo modeCheats
Victory
Defeat
🇩🇪 Cumans · Germany
1395
+14
🇦🇷 Khmer · Argentina
1349
-14
bumbsbomba74
6:13 Loom
6:32 Loom
8:50 Feudal Age
9:21 Double-Bit Axe
20:10 Castle Age
18:36 Gold Mining
18:50 Horse Collar
19:30 Fletching
20:34 Scale Barding Armor
24:09 Scale Barding Armor
26:01 Bow Saw
28:16 Forging
30:49 Bloodlines
32:06 Chain Barding Armor
34:54 Heavy Plow
35:31 Wheelbarrow
36:22 Iron Casting
FORSETI
6:32 Loom
9:23 Feudal Age
10:15 Double-Bit Axe
10:13 Horse Collar
15:24 Forging
18:24 Scale Barding Armor
18:49 Bloodlines
22:44 Castle Age
24:04 Iron Casting
23:31 Light Cavalry
27:41 Husbandry
34:30 Fletching
Connection lost

Rejoining the realm…

Still unreachable

The connection could not be restored.

Session expired

The server has moved on; the page needs a fresh start.